 Dungeon Crawl Stone Soup version 0.15-a0-890-g337b859 (console) character file.

74720 splat the Tortoise (level 15, -1/96 HPs)
             Began as a Plutonian Chaos Knight on May 20, 2014.
             Was a Plaything of Xom.
             Killed from afar by a storm dragon (36 damage)
             ... with a bolt of lightning
             ... in an ice cave.
             The game lasted 01:13:04 (27970 turns).

splat the Tortoise (Plutonian Chaos Knight)        Turns: 27970, Time: 01:13:04

HP  -1/96        AC 31     Str 12 (15) XL: 15   Next:  7%
MP  22/22        EV 11     Int 12 (17) God: Xom
Gold 1386        SH  0     Dex 16 (17) Spells:  0 memorised, 14 levels left

rFire  + . .     SeeInvis .     a - +4 hand axe (elec)
rCold  . . .     Clarity  +     u - +7 chain mail of Fedhas' Benevolence {Acc+4 Dam+4}
rNeg   . . .     Conserve .     (no shield)
rPois  .         rCorr    .     v - +1 helmet
rElec  .         rRot     .     O - +3 cloak of Flash {+Fly EV+4}
SustAb .         Spirit   .     (no gloves)
rMut   .         Warding  .     l - +2 pair of boots
Gourm  .         Rnd*Tele +     r - amulet of clarity
MR     ++...                    N - ring of protection from magic
                                i - cursed ring of protection from fire

@: brilliant, studying Unarmed Combat, very slightly contaminated, very
resistant to hostile enchantments, extremely unstealthy
A: deterioration 3, frail 1, low mp 1, teleportitis 1
a: Overload, Renounce Religion, Evoke Flight


You were in an ice cave.
You worshipped Xom.
You were a beloved toy of Xom.
You were not hungry.

You visited 2 branches of the dungeon, and saw 20 of its levels.
You also visited: Sewer, Ice Cave and Volcano.

You collected 1386 gold pieces.

Inventory:

Hand weapons
 a - a +4,+4 hand axe of electrocution (weapon)
   (You found it on level 1 of the Dungeon)
 b - a +1,+4 shortbow of chaos
   (You took it off a centaur on level 8 of the Dungeon)
 y - a +0 blowgun
   (You took it off a kobold on level 7 of the Dungeon)
Missiles
 E - 109 arrows
Armour
 c - the +3 scale mail of Blosof {Dex+2 Int+2, unknown}
   (You found it in an ice cave)

   It affects your intelligence (+2).
   It affects your dexterity (+2).
 l - a +2 pair of boots (worn)
   (You found it on level 2 of the Dungeon)
 u - the +7 chain mail of Fedhas' Benevolence (worn) {Acc+4 Dam+4}
   (You found it in a sewer)

   It affects your accuracy with ranged weapons and melee attacks (+4).
   It affects your damage with ranged weapons and melee attacks (+4).
 v - a +1 helmet (worn)
   (You found it on level 5 of the Dungeon)
 G - a +0 pair of boots of flying
   (You found it on level 6 of the Lair of Beasts)
 O - the +3 cloak of Flash (worn) {+Fly EV+4}
   (You found it on level 8 of the Lair of Beasts)

   It affects your evasion (+4).
   It lets you fly.
Magical devices
 t - a wand of digging (9)
   (You found it on level 5 of the Lair of Beasts)
 I - a wand of draining (1)
   (You found it on level 6 of the Lair of Beasts)
 P - a wand of polymorph (1)
   (You found it on level 8 of the Lair of Beasts)
Scrolls
 e - a scroll of identify
 n - 2 scrolls of fear
 s - a scroll of fog
 D - a scroll of magic mapping
 J - 2 scrolls of blinking
Jewellery
 d - an uncursed ring of teleportation
   (You found it on level 1 of the Dungeon)
 i - a cursed ring of protection from fire (left hand)
   (You found it on level 1 of the Lair of Beasts)
 m - an uncursed amulet of resist corrosion
   (You found it on level 6 of the Dungeon)
 r - an amulet of clarity (around neck)
   (You found it on level 2 of the Lair of Beasts)
 N - a ring of protection from magic (right hand)
   (You found it on level 8 of the Lair of Beasts)
Books
 j - a manual of Unarmed Combat
   (You found it in an ice cave)
Miscellaneous
 f - a box of beasts {used: 2}
   (You found it on level 11 of the Dungeon)
 L - a sack of spiders
   (You found it on level 3 of the Lair of Beasts)


   Skills:
 + Level 11.2 Fighting
   Level 3.7 Short Blades
 - Level 8.8 Axes
 - Level 11.0 Bows
 - Level 16.0 Armour
 - Level 9.5 Dodging
 - Level 2.2 Stealth
 - Level 9.0 Evocations


You had 14 spell levels left.
You didn't know any spells.

Dungeon Overview and Level Annotations

Branches:
Dungeon (12/15)            Temple (0/1) D:4             Orc (0/4) D:11
   Lair (8/8) D:8           Swamp (0/5) Lair:6       Spider (0/5) Lair:5
  Slime (0/6) Lair:7

Altars:
Elyvilon
Fedhas
Gozag
Makhleb
Nemelex Xobeh
Qazlal
Xom
Yredelemnul
Zin
Jiyva

Annotations:
D:10 Sonja


Innate Abilities, Weirdness & Mutations

Your body is rapidly deteriorating.
You are frail (-10% HP).
Your magical capacity is low (-10% MP).
Space occasionally distorts in your vicinity.


Message History

...and something leaps out!
Your chimera's water moccasin head hisses angrily.
The storm dragon bites you. The storm dragon barely misses you.
The storm dragon tramples you!
You hold your ground!
Your chimera (crocodile, adder, adder) bites the storm dragon!
Your chimera (crocodile, adder, adder) bites the storm dragon.
The storm dragon is poisoned.
Your chimera (crocodile, adder, adder) poisons the storm dragon!
You swap places.
Xom's power touches on a nearby monster.
Your chimera (crocodile, adder, adder) evaporates and reforms as a golden eye!
The polar bear bites something!
The polar bear claws something but does no damage.
The polar bear claws something but does no damage.
The storm dragon breathes lightning at you.
The bolt of lightning hits you!
You die...
Xom chuckles heartily! ##... #... hY#

.# ~ # # ~ ##.
..# ##..## ##
#.# #....##
##..## ##.#
#...Y# ###.....#
#Y###..YY####D@#
#.#Y# #..#.HG##
## ## ##h#
#h...### #.##
#.##.##
#########...


hhhhh## ##.?.%.## ####YY## ##./.}.?.# .h#....# #...$.!..# ##.###..# #...######
.### ..# ###.# You could see a storm dragon, a polar bear (confused), a friendly
chimera (water moccasin, adder, adder) and a friendly golden eye.

Vanquished Creatures
  Maud (Lair:8)
  A grey draconian (IceCv)
  A dire elephant (Lair:7)
  5 hydras
  Snorg (Lair:8)
  Harold (D:10)
  11 death yaks
  The ghost of LordSloth the Carver, an experienced PlFi of Gozag (D:10)
  A centaur warrior (Volcano)
  3 catoblepae (Lair:8)
  An ice devil (Lair:3)
  2 unseen horrors
  An ice statue (IceCv)
  6 hill giants
  A necromancer (Lair:5)
  A griffon (Lair:7)
  A draconian (Lair:7)
  5 oklob plants
  8 elephants
  A cyclops (D:11)
  An octopode (Lair:1)
  The ghost of tedric the Cudgeler, an experienced PlBe of Trog (D:9)
  8 black mambas
  8 komodo dragons
  11 spiny frogs
  A queen ant (Lair:6)
  3 molten gargoyles (Volcano)
  A gargoyle (D:10)
  2 kobold demonologists (D:12)
  7 fire drakes
  A hellwing (Lair:3)
  2 yaktaurs (Volcano)
  A wandering mushroom (Lair:8)
  A troll (D:11)
  A tengu conjurer (D:11)
  A blue devil (Lair:2)
  5 polar bears
  12 blink frogs
  2 ravens (D:11)
  2 basilisks
  A shadow (Lair:5)
  64 yaks
  Eustachio (D:8)
  2 elephant slugs (Lair:8)
  14 sharks
  A hungry ghost (D:8)
  9 wolves
  A naga (Lair:6)
  11 hippogriffs
  16 soldier ants (Lair:6)
  A tengu skeleton (D:9)
  5 orc warriors
  A swamp drake (D:11)
  11 water moccasins
  8 spiders (Lair:5)
  9 porcupines
  2 ice beasts
  3 phantoms
  2 necrophages (D:11)
  8 ogres
  2 black bears
  3 boring beetles
  8 centaurs
  Duvessa (D:8)
  6 giant slugs
  A lava worm (Volcano)
  A komodo dragon zombie (Lair:5)
  17 crocodiles
  2 big kobolds
  17 killer bees
  A troll zombie (D:9)
  11 giant frogs
  A scorpion (D:10)
  3 wights (D:7)
  10 electric eels
  A goliath beetle (D:10)
  Dowan (D:8)
  10 orc priests
  8 crimson imps
  A basilisk zombie (Lair:5)
  10 hounds
  6 quasits
  2 iguanas
  2 iron imps
  6 jellies
  14 big fish
  15 orc wizards
  25 worker ants
  13 sheep
  A hound zombie (D:9)
  52 green rats
  4 shadow imps
  2 white imps
  9 giant mites
  10 worms
  4 ufetubi
  An orc skeleton (D:6)
  An iguana skeleton (D:10)
  A giant eyeball (D:7)
  19 giant geckos
  3 oozes
  43 orcs
  31 adders
  10 ball pythons
  12 giant cockroaches
  13 hobgoblins
  22 jackals
  15 quokkas
  23 bats
  16 giant newts
  3 giant spores
  15 goblins
  13 kobolds
  19 rats
  8 ballistomycetes
  7 fungi
  5 plants
854 creatures vanquished.

Vanquished Creatures (collateral kills)
  A death yak (Lair:7)
  3 blink frogs
  3 yaks
  3 soldier ants (Lair:6)
  A water moccasin (Lair:7)
  A worker ant (Lair:6)
12 creatures vanquished.

Vanquished Creatures (others)
  A dancing weapon (Lair:8)
  A wolf (IceCv)
  A spider (D:9)
  A giant frog (D:6)
  A scorpion (D:9)
  2 iron imps
  A green rat (Lair:5)
  A white imp (D:10)
  An inept feature mimic (D:3)
  2 ufetubi
  A hobgoblin (D:10)
  A quokka (D:10)
  A kobold (D:4)
  8 fungi (Lair:7)
  2 plants
25 creatures vanquished.

Grand Total: 891 creatures vanquished

Notes
Turn   | Place    | Note
--------------------------------------------------------------
     0 | D:1      | splat, the Plutonian Chaos Knight, began the quest for the Orb.
     0 | D:1      | Reached XP level 1. HP: 16/16 MP: 1/1
   256 | D:1      | XOM: silly message
   350 | D:1      | Reached XP level 2. HP: 21/21 MP: 2/2
   359 | D:1      | XOM: harmless Erth miscast
   568 | D:1      | You fall through a shaft!
   628 | D:2      | Reached XP level 3. HP: 24/26 MP: 3/3
   827 | D:2      | XOM: harmless Fire miscast
  1055 | D:2      | Reached skill level 1 in Axes
  1055 | D:2      | Reached skill level 1 in Stealth
  1055 | D:2      | Reached XP level 4. HP: 22/31 MP: 3/3
  1095 | D:2      | Found a burning altar of Makhleb.
  1337 | D:2      | XOM: divination: detect items
  1664 | D:3      | XOM: divination: detect items
  1726 | D:3      | Found a white marble altar of Elyvilon.
  2111 | D:3      | Reached XP level 5. HP: 34/36 MP: 4/4
  2215 | D:3      | XOM: divination: detect creatures
  2311 | D:3      | XOM: divination: detect items
  2353 | D:3      | XOM: potion effect (experience)
  2353 | D:3      | Reached skill level 8 in Axes
  2353 | D:3      | Reached skill level 9 in Dodging
  2353 | D:3      | Reached XP level 6. HP: 42/42 MP: 5/5
  2375 | D:3      | XOM: silly message
  2592 | D:4      | XOM: potion effect (berserk rage)
  2675 | D:4      | Found a stormy altar of Qazlal.
  2702 | D:4      | Found a glowing drain.
  2710 | D:4      | Reached XP level 7. HP: 41/46 MP: 5/5
  2720 | Sewer    | Entered a sewer
  2731 | Sewer    | XOM: potion effect (curing)
  2884 | Sewer    | XOM: potion effect (agility)
  3025 | Sewer    | XOM: harmless Pois miscast
  3288 | Sewer    | XOM: potion effect (berserk rage)
  3293 | Sewer    | Reached skill level 1 in Evocations
  3311 | Sewer    | Got a faintly humming chain mail
  3344 | Sewer    | Identified the +7 chain mail of Fedhas' Benevolence {Acc+4 Dam+4} (You found it in a sewer)
  3394 | Sewer    | XOM: silly message
  3555 | D:4      | Found a staircase to the Ecumenical Temple.
  3794 | D:4      | XOM: silly message
  3847 | D:5      | Entered Level 5 of the Dungeon
  3922 | D:5      | Found an opulent altar of Gozag.
  4004 | D:5      | XOM: colour smoke trail
  4068 | D:5      | XOM: potion effect (invisibility)
  4071 | D:5      | Reached XP level 8. HP: 54/54 MP: 8/8
  4396 | D:5      | Found a sparkling altar of Nemelex Xobeh.
  4959 | D:6      | XOM: potion effect (invisibility)
  5051 | D:6      | XOM: divination: detect creatures
  5275 | D:6      | XOM: divination: detect creatures
  5290 | D:7      | Reached skill level 5 in Armour
  5320 | D:7      | XOM: enchant monster (good)
  5339 | D:7      | XOM: confuse monster(s)
  5402 | D:7      | Reached XP level 9. HP: 35/58 MP: 9/9
  5443 | D:7      | XOM: noise
  5571 | D:7      | XOM: polymorph killer bee -> giant eyeball
  5828 | D:7      | XOM: confuse monster(s)
  6017 | D:7      | XOM: mild Ice miscast
  6186 | D:7      | XOM: 5-stop teleportation journey
  6193 | D:7      | XOM: divination: magic mapping
  6312 | D:7      | XOM: draining
  6336 | D:7      | XOM: mild Divn miscast
  6359 | D:7      | XOM: harmless Pois miscast
  6360 | D:7      | XOM: stat loss: -1 Dex (13/14)
  6471 | D:7      | XOM: swap monsters
  6476 | D:7      | XOM: chaos upgrade
  6531 | D:7      | XOM: mild Chrm miscast
  6897 | D:8      | Found a staircase to the Lair.
  6946 | D:8      | Noticed Eustachio
  6947 | D:8      | Noticed Duvessa
  6949 | D:8      | Noticed Dowan
  6952 | D:8      | XOM: destruction
  6955 | D:8      | Killed Duvessa
  6959 | D:8      | XOM: blink monster(s)
  6962 | D:8      | Killed Eustachio
  6974 | D:8      | Killed Dowan
  7056 | D:8      | Found a glowing silver altar of Zin.
  7060 | D:8      | Noticed an angel
  7071 | D:8      | XOM: chaos upgrade
  7081 | D:8      | Found a shimmering altar of Xom.
  7760 | D:1      | XOM: harmless Divn miscast
  7871 | D:3      | XOM is BORED!
  7871 | D:3      | XOM: medium Fire miscast
  7946 | D:5      | XOM: noise
  8032 | D:8      | Found a basalt altar of Yredelemnul.
  8260 | D:8      | XOM: severe Conj miscast
  8432 | D:9      | XOM: enchant monster (bad)
  8437 | D:9      | Reached skill level 1 in Bows
  8437 | D:9      | Reached XP level 10. HP: 63/63 MP: 9/9
  8664 | D:9      | Found a blossoming altar of Fedhas.
  8665 | D:9      | Noticed tedric's ghost (experienced PlBe)
  8852 | D:9      | XOM: divination: detect items
  9081 | D:9      | XOM: cast spell 'Summon Swarm'
  9126 | D:9      | XOM: blink monster(s)
  9338 | D:9      | XOM: god gift: 47 gold pieces
  9417 | D:10     | Entered Level 10 of the Dungeon
  9419 | D:10     | XOM: summons friendly white imp
  9583 | D:10     | XOM: blink monster(s)
  9618 | D:10     | Noticed a hill giant
  9640 | D:10     | Killed a hill giant
  9640 | D:10     | Reached skill level 5 in Fighting
  9982 | D:10     | Noticed a hill giant
  9985 | D:10     | XOM: mild Hex miscast
 10006 | D:10     | Killed a hill giant
 10065 | D:10     | Reached skill level 5 in Bows
 10123 | D:10     | XOM: harmless Ice miscast
 10159 | D:10     | XOM: harmless Fire miscast
 10169 | D:10     | Noticed LordSloth's ghost (experienced PlFi)
 10174 | D:10     | Killed LordSloth's ghost
 10174 | D:10     | Reached XP level 11. HP: 72/74 MP: 10/10
 10185 | D:10     | Noticed Harold
 10187 | D:10     | XOM: cast spell 'Stoneskin'
 10219 | D:9      | XOM: severe Fire miscast
 10271 | D:9      | XOM: give mutations
 10271 | D:9      | Gained mutation: You have large cloven feet. [Xom's grace]
 10271 | D:9      | Gained mutation: You have a somewhat thin skeletal structure (Dex +2, Stealth). [Xom's grace]
 10280 | D:9      | XOM: enchant monster (good)
 10292 | D:9      | Killed tedric's ghost
 10322 | D:9      | XOM: medium Pois miscast
 10465 | D:10     | XOM: god gift: ring mail {god gift}
 10572 | D:10     | XOM: summons friendly iron imp
 10578 | D:10     | Killed Harold
 10670 | D:10     | Noticed a hill giant
 10673 | D:10     | XOM: enchant monster (good)
 10718 | D:10     | Killed a hill giant
 10797 | D:10     | XOM: silly message
 10860 | D:10     | Noticed Sonja
 11244 | D:10     | Killed an unseen horror
 11546 | D:11     | Noticed a hill giant
 11552 | D:11     | XOM: potion effect (invisibility)
 11558 | D:11     | Killed a hill giant
 11581 | D:11     | XOM: potion effect (curing)
 11781 | D:11     | XOM: silly message
 11845 | D:11     | Noticed a hill giant
 11859 | D:11     | XOM: potion effect (berserk rage)
 11873 | D:11     | XOM: divination: magic mapping
 11875 | D:11     | XOM: divination: magic mapping
 11881 | D:11     | XOM: divination: detect creatures
 11889 | D:11     | XOM: divination: detect items
 11890 | D:11     | XOM: divination: detect creatures
 11911 | D:11     | XOM: potion effect (invisibility)
 11925 | D:11     | XOM: potion effect (invisibility)
 11940 | D:11     | Killed a hill giant
 11987 | D:11     | XOM: potion effect (heal wounds)
 12030 | D:11     | Noticed a hill giant
 12037 | D:11     | Killed a hill giant
 12151 | D:11     | Killed an unseen horror
 12239 | D:11     | Found a staircase to the Orcish Mines.
 12265 | D:11     | XOM: mild Hex miscast
 12476 | D:11     | XOM: divination: detect creatures
 12593 | D:11     | Reached XP level 12. HP: 66/86 MP: 12/12
 12814 | D:11     | XOM: noise
 13036 | Lair:1   | Entered Level 1 of the Lair of Beasts
 13039 | Lair:1   | XOM: noise
 13072 | Lair:1   | XOM: divination: detect creatures
 13100 | Lair:1   | Reached skill level 10 in Armour
 13102 | Lair:1   | XOM: harmless Pois miscast
 13109 | Lair:1   | XOM: enchant monster (good)
 13137 | Lair:1   | XOM: summons 5 hostile shadow creatures
 13165 | Lair:1   | XOM: confusion (+ monsters)
 13178 | Lair:1   | XOM: enchant monster (bad)
 13184 | Lair:1   | XOM: cast spell 'Tukima's Dance'
 13194 | Lair:1   | Reached skill level 10 in Fighting
 13226 | Lair:1   | XOM: give mutation
 13226 | Lair:1   | Gained mutation: Your magical capacity is low (-10% MP). [Xom's mischief]
 13379 | Lair:1   | Found a dark tunnel.
 13401 | Volcano  | Entered a volcano
 13510 | Volcano  | Found a radiant altar of Vehumet.
 13593 | Volcano  | XOM: summons 2 friendly demons
 13722 | Volcano  | XOM: noise
 14060 | Lair:1   | Lightli: how good is pl in your opinion
 14060 | Lair:1   | seems like hu
 14064 | Lair:1   | XOM: torment (46/89 hp)
 14068 | Lair:1   | XOM: draining
 14175 | Lair:1   | possibly something that isn't ck would play differently
 14284 | Lair:1   | XOM: stat loss: -1 Int (11/12)
 14342 | Lair:1   | XOM: give mutation
 14342 | Lair:1   | Gained mutation: Space occasionally distorts in your vicinity. [Xom's mischief]
 14343 | Lair:1   | thanks xom
 14369 | Lair:1   | Reached skill level 11 in Armour
 14456 | Lair:1   | XOM: medium Tloc miscast
 14462 | Lair:1   | XOM: torment (40/89 hp)
 14474 | Lair:1   | XOM: stat loss: -1 Int (10/12)
 14614 | Lair:1   | XOM: summons 5 hostile demons
 14765 | Lair:1   | XOM: harmless Divn miscast
 15026 | Lair:2   | XOM: enchant monster (bad)
 15029 | Lair:2   | XOM: enchant monster (bad)
 15032 | Lair:2   | XOM: noise
 15044 | Lair:2   | XOM: draining
 15050 | Lair:2   | XOM: 6-stop teleportation journey
 15112 | Lair:2   | XOM: silly message
 15247 | Lair:2   | XOM: summons 2 hostile demons
 15248 | Lair:2   | XOM: summons 3 friendly demons
 15292 | Lair:2   | XOM: enchant monster (bad)
 15967 | Lair:3   | Got a crude glaive
 15968 | Lair:3   | Identified the +6,+9 glaive of Courage {chop, +Blink rElec Int+3} (You found it on level 3 of the Lair of Beasts)
 15969 | Lair:3   | good glaive
 16072 | Lair:3   | XOM: harmless Conj miscast
 16182 | Lair:3   | XOM: mild Necr miscast
 16266 | Lair:3   | Noticed a seven-headed hydra
 16272 | Lair:3   | XOM: harmless Conj miscast
 16281 | Lair:3   | XOM: silly message
 16283 | Lair:3   | XOM: summons 6 hostile demons
 16298 | Lair:3   | XOM: silly message
 16305 | Lair:3   | Killed a seven-headed hydra
 16305 | Lair:3   | Reached XP level 13. HP: 94/94 MP: 16/16
 16663 | Lair:3   | XOM: torment (48/94 hp)
 16776 | Lair:3   | XOM: summons 6 hostile demons
 17045 | Lair:4   | XOM: summons 1 hostile demon
 17300 | Lair:4   | XOM: give mutation
 17300 | Lair:4   | Lost mutation: You have large cloven feet. [Xom's mischief]
 17534 | Lair:4   | Reached skill level 10 in Bows
 17564 | Lair:4   | XOM: silly message
 17607 | Lair:4   | XOM: silly message
 17627 | Lair:4   | XOM: divination: detect creatures
 17891 | Lair:4   | XOM: 3-stop teleportation journey
 17963 | Lair:4   | XOM: colour smoke trail
 17972 | Lair:4   | XOM: god gift: scroll of immolation
 18192 | Lair:5   | XOM: potion effect (curing)
 18194 | Lair:5   | XOM: confuse monster(s)
 18379 | Lair:5   | XOM: divination: magic mapping
 18388 | Lair:5   | XOM: divination: detect items
 18488 | Lair:5   | XOM: divination: detect creatures
 18710 | Lair:5   | XOM: divination: detect creatures
 19020 | Lair:5   | XOM: scenery: create altars
 19067 | Lair:5   | XOM: noise
 19290 | Lair:5   | Found a hole to the Spider Nest.
 19453 | Lair:5   | XOM: harmless Hex miscast
 19553 | Lair:5   | XOM: medium Necr miscast
 19817 | Lair:5   | XOM: harmless Ice miscast
 20109 | Lair:6   | no
 20109 | Lair:6   | XOM: cast spell 'Dispersal'
 20329 | Lair:6   | Reached skill level 12 in Armour
 20582 | Lair:6   | XOM: enchant monster (bad)
 20666 | Lair:6   | Found a staircase to the Swamp.
 20680 | Lair:6   | XOM: destruction
 20712 | Lair:6   | XOM: enchant monster (good)
 20910 | Lair:6   | XOM: 1-stop teleportation journey
 20912 | Lair:6   | XOM: god gift: shiny ring mail {god gift}
 20943 | Lair:6   | XOM: vitrification
 20948 | Lair:6   | XOM: cast spell 'Necromutation'
 20949 | Lair:6   | XOM: potion effect (haste)
 20952 | Lair:6   | XOM: swap monsters
 21011 | Lair:6   | XOM: destruction
 21058 | Lair:6   | XOM: polymorph soldier ant -> naga
 21062 | Lair:6   | Reached skill level 13 in Armour
 21135 | Lair:6   | XOM: confuse monster(s)
 21233 | Lair:6   | XOM: confuse monster(s)
 21234 | Lair:6   | XOM: swap monsters
 21252 | Lair:6   | XOM: summons friendly iron imp
 21285 | Lair:6   | XOM: blink monster(s)
 21331 | Lair:6   | XOM: silly message
 21527 | Lair:6   | XOM: harmless Divn miscast
 21893 | Lair:7   | XOM: divination: detect items
 22065 | Lair:7   | XOM: cast spell 'Olgreb's Toxic Radiance'
 22150 | Lair:7   | Reached XP level 14. HP: 69/101 MP: 17/17
 22260 | Lair:7   | XOM: divination: detect items
 22278 | Lair:7   | XOM: harmless Erth miscast
 22376 | Lair:7   | XOM: polymorph death yak -> dire elephant
 22381 | Lair:6   | XOM: give mutations
 22381 | Lair:6   | Gained mutation: You have a slow metabolism. [Xom's mischief]
 22381 | Lair:6   | Gained mutation: You are robust (+10% HP). [Xom's mischief]
 22381 | Lair:6   | Lost mutation: You are robust (+10% HP). [Xom's mischief]
 22381 | Lair:6   | Lost mutation: You have a slow metabolism. [Xom's mischief]
 22538 | Lair:7   | Reached skill level 14 in Armour
 22554 | Lair:7   | XOM: 2-stop teleportation journey
 22558 | Lair:7   | Found a staircase to the Slime Pits.
 22559 | Lair:7   | Found a viscous altar of Jiyva.
 22563 | Lair:7   | XOM: summons 7 hostile demons
 22707 | Lair:7   | XOM: medium Pois miscast
 22710 | Lair:7   | XOM: polymorph yak -> draconian
 22725 | Lair:7   | XOM: summons friendly ufetubus
 23088 | Lair:7   | XOM: divination: magic mapping
 23091 | Lair:7   | XOM: summons 5 friendly demons
 23092 | Lair:7   | XOM: cast spell 'Call Canine Familiar'
 23130 | Lair:7   | XOM: summons friendly quasit
 23289 | Lair:7   | XOM: enchant monster (good)
 23338 | Lair:7   | XOM: summons 1 hostile demon
 23623 | Lair:7   | XOM: scenery: create altars
 23728 | Lair:7   | Reached skill level 15 in Armour
 23808 | Lair:7   | XOM: give mutations
 23808 | Lair:7   | Gained mutation: You are frail (-10% HP). [Xom's mischief]
 23808 | Lair:7   | Gained mutation: You are very frail (-20% HP). [Xom's mischief]
 23808 | Lair:7   | Gained mutation: Your body is slowly deteriorating. [Xom's mischief]
 23839 | Lair:7   | XOM: divination: detect creatures
 23881 | Lair:7   | these muts
 24092 | Lair:7   | XOM: silly message
 24143 | Lair:8   | Entered Level 8 of the Lair of Beasts
 24156 | Lair:8   | XOM: potion effect (agility)
 24265 | Lair:8   | XOM: mild Divn miscast
 24353 | Lair:8   | XOM: silly message
 24363 | Lair:8   | XOM: potion effect (brilliance)
 24655 | Lair:8   | XOM: potion effect (agility)
 24813 | Lair:8   | XOM: harmless Chrm miscast
 24869 | Lair:8   | XOM: noise
 25011 | Lair:8   | XOM: silly message
 25178 | Lair:8   | Noticed Snorg
 25179 | Lair:8   | Noticed Maud
 25187 | Lair:8   | XOM: potion effect (invisibility)
 25192 | Lair:8   | XOM: cast spell 'Shadow Creatures'
 25222 | Lair:8   | Killed Snorg
 25348 | Lair:7   | XOM: silly message
 25584 | Lair:8   | XOM: enchant monster (bad)
 25597 | Lair:8   | Killed Maud
 25649 | Lair:8   | XOM: medium Conj miscast
 25754 | Lair:8   | Reached skill level 16 in Armour
 25934 | Lair:8   | Reached skill level 5 in Evocations
 25952 | Lair:8   | XOM: give mutations
 25952 | Lair:8   | Gained mutation: Your body is deteriorating. [Xom's mischief]
 25952 | Lair:8   | Lost mutation: You are very frail (-20% HP). [Xom's mischief]
 25952 | Lair:8   | Gained mutation: Your body is rapidly deteriorating. [Xom's mischief]
 25952 | Lair:8   | Lost mutation: You have a somewhat thin skeletal structure (Dex +2, Stealth). [Xom's mischief]
 25954 | Lair:8   | kill me
 26144 | Lair:8   | XOM: harmless Summ miscast
 26188 | Lair:8   | XOM: silly message
 26449 | Lair:8   | XOM: potion effect (invisibility)
 26717 | Lair:8   | XOM: mild Tloc miscast
 26721 | Lair:8   | XOM: confuse monster(s)
 26851 | Lair:8   | XOM: swap monsters
 26881 | Lair:8   | XOM: vitrification
 26907 | Lair:8   | XOM: vitrification
 27320 | D:12     | XOM: stealth player
 27372 | D:12     | Found a frozen archway.
 27381 | IceCv    | XOM: stealth player
 27381 | IceCv    | Entered an ice cave
 27414 | IceCv    | XOM: 4-stop teleportation journey
 27435 | IceCv    | Got a smelly scale mail
 27541 | IceCv    | XOM: 3-stop teleportation journey
 27547 | IceCv    | XOM: potion effect (curing)
 27554 | IceCv    | XOM: polymorph death yak -> grey draconian
 27568 | IceCv    | XOM: destruction
 27571 | IceCv    | XOM: divination: detect items
 27582 | IceCv    | Reached XP level 15. HP: 40/95 MP: 22/22
 27738 | IceCv    | XOM: god gift: meat ration
 27911 | IceCv    | XOM: potion effect (brilliance)
 27948 | IceCv    | XOM: blink monster(s)
 27952 | IceCv    | XOM: divination: detect items
 27962 | IceCv    | XOM: confuse monster(s)
 27966 | IceCv    | Noticed a storm dragon
 27966 | IceCv    | a death yak changed into a storm dragon
 27966 | IceCv    | XOM: polymorph death yak -> storm dragon
 27970 | IceCv    | XOM: polymorph chimera (crocodile, adder, adder) -> golden eye
 27970 | IceCv    | Killed from afar by a storm dragon

Action                   |  1- 3 |  4- 6 |  7- 9 | 10-12 | 13-15 || total
-------------------------+-------+-------+-------+-------+-------++-------
Melee: Short sword       |   152 |       |    24 |       |       ||   176
       Hand axe          |     6 |   147 |   445 |   718 |  1241 ||  2557
       Shortbow          |       |       |       |     2 |       ||     2
       Unarmed           |       |       |       |     1 |       ||     1
 Fire: Shortbow          |       |       |       |   163 |   250 ||   413
Throw: Javelin           |       |       |     2 |     1 |       ||     3
 Abil: Evoke Teleportati |       |       |       |       |     1 ||     1
Evoke: Wand              |       |       |     1 |     7 |     9 ||    17
       Box of beasts     |       |       |       |       |     2 ||     2
  Use: Scroll            |     3 |     5 |    14 |    14 |    12 ||    48
       Potion            |       |     1 |       |     2 |     3 ||     6
 Stab: Invisible         |       |       |     2 |       |    15 ||    17
       Paralysed         |       |       |     1 |     9 |     1 ||    11
       Sleeping          |       |       |     1 |       |       ||     1
       Petrified         |       |       |       |     3 |     3 ||     6
       Confused          |       |       |       |     1 |     6 ||     7
       Distracted        |       |       |       |       |     2 ||     2

Action                   |  1- 3 |  4- 6 |  7- 9 | 10-12 | 13-15 || total
-------------------------+-------+-------+-------+-------+-------++-------
Melee: Short sword       |   152 |       |    24 |       |       ||   176
       Hand axe          |     6 |   147 |   445 |   718 |  1241 ||  2557
       Shortbow          |       |       |       |     2 |       ||     2
       Unarmed           |       |       |       |     1 |       ||     1
 Fire: Shortbow          |       |       |       |   163 |   250 ||   413
Throw: Javelin           |       |       |     2 |     1 |       ||     3
 Abil: Evoke Teleportati |       |       |       |       |     1 ||     1
Evoke: Wand              |       |       |     1 |     7 |     9 ||    17
       Box of beasts     |       |       |       |       |     2 ||     2
  Use: Scroll            |     3 |     5 |    14 |    14 |    12 ||    48
       Potion            |       |     1 |       |     2 |     3 ||     6
 Stab: Invisible         |       |       |     2 |       |    15 ||    17
       Paralysed         |       |       |     1 |     9 |     1 ||    11
       Sleeping          |       |       |     1 |       |       ||     1
       Petrified         |       |       |       |     3 |     3 ||     6
       Confused          |       |       |       |     1 |     6 ||     7
       Distracted        |       |       |       |       |     2 ||     2

Vault maps used:
D:1:      wheals_arrival_shading, solitary_fountain, minmay_strange_pillars
D:2:      makhleb_heckhound_becter, first_bread
D:3:      elyvilon_altar_2
D:4:      grunt_qazlal_clouds, minmay_temple_entry_spiral, portal_sewer_entry_d,
          lemuel_old_faithful
D:5:      serial_glass, glass_columns_a, glass_columns_c, glass_columns_b,
          glass_columns_a, glass_columns_a, glass_columns_c, glass_columns_c,
          glass_columns_b, glass_columns_a, glass_columns_b, glass_columns_a,
          glass_columns_a, glass_columns_a, glass_columns_a, basic_altar,
          nemelex_diamond_rough_becter
D:8:      grunt_temple_overflow_order_and_chaos_1,
          lemuel_coloured_pillars_altar, lair_0_dummy, uniq_eustachio,
          uniq_duvessa
D:9:      basic_altar
D:10:     uniq_sonja, uniq_harold
D:11:     erik_orc_1, grunt_tengu_nest, minmay_holes
D:12:     portal_ice_cave_entry_pillars_01, serial_shops, bzr_entry_water,
          uniq_grum
Lair:1:   enter_volcano_1
Lair:2:   st_stairs_9
Lair:3:   nicolae_lair_grove_arrangements, st_stairs_12, lemuel_fruit_tree,
          infiniplex_staircase_pool
Lair:4:   serial_bayou_shore_b
Lair:5:   pond_and_an_island_with_a_cottage, spider_nest_entry_a,
          minmay_lair_drake_nest, serial_bayou_shore_b
Lair:6:   dpeg_oklob_gauntlet, minmay_swamp_entry_eels, minivault_29
Lair:7:   slime_altar_1, serial_bayou_shore_b
Lair:8:   evilmike_catoblepas_cave, st_stairs_6, serial_bayou_lagoon_b,
          lemuel_strawberry_fields, infiniplex_staircase_pool_2, uniq_snorg,
          uniq_maud
Sewer:    sewer_frog_island_02
IceCv:    ice_cave_caverns_03
Volcano:  volcano_lake
